 Dungeon Crawl Stone Soup version 0.28.0-53-g5a82cb258f (webtiles) character file.

Game seed: 13271586769241761231

30 DocClef the Skirmisher (level 3, -1/34 HPs)
             Began as a Draconian Fighter on June 29, 2022.
             Slain by Terence
             ... wielding a +0 mace
              (7 damage)
             ... on level 1 of the Dungeon.
             The game lasted 00:01:01 (1064 turns).

DocClef the Skirmisher (Draconian Fighter)          Turns: 1064, Time: 00:01:01

Health: -1/34      AC:  5    Str: 20    XL:     3   Next: 3%
Magic:  3/3        EV: 11    Int:  8    God:
Gold:   37         SH:  4    Dex: 10    Spells: 2/2 levels left

rFire   . . .      SeeInvis .   e - +1 short sword (elec)
rCold   . . .      Faith    .   b - +0 buckler
rNeg    . . .      Spirit   .   (armour unavailable)
rPois   .          Reflect  .   (helmet restricted)
rElec   .          Harm     .   (no cloak)
rCorr   .          Rampage  .   (no gloves)
Will    .....                   (no boots)
Stlth   +.........              (no amulet)
HPRegen 0.11/turn               (no ring)
MPRegen 0.08/turn               (no ring)

@: no status effects
A: AC +5, unfitting armour, cold-blooded
a: no special abilities


You were on level 1 of the Dungeon.
You visited 1 branch of the dungeon, and saw 2 of its levels.

You collected 37 gold pieces.

Inventory:

Hand Weapons
 a - a +0 flail
 e - a +1 short sword of electrocution (weapon)
Armour
 b - a +0 buckler (worn)
Jewellery
 f - a +6 ring of strength
Scrolls
 g - a scroll of teleportation {unknown}
 h - 2 scrolls of identify {unknown}
Potions
 c - a potion of might
 d - a potion of attraction {unknown}


   Skills:
 + Level 4.6 Fighting
 - Level 2.0 Maces & Flails
 - Level 2.6 Dodging
 - Level 3.0 Shields


You had 2 spell levels left.
You didn't know any spells.
Your spell library was empty.

Dungeon Overview and Level Annotations

Branches:
Dungeon (2/15)

Altars:

Shops:
D:1 [

Annotations:
D:1 Terence
D:2 Natasha


Innate Abilities, Weirdness & Mutations

Your plain brown scales are hard. (AC +5)
You cannot fit into any form of body armour.
You are cold-blooded and may be slowed by cold attacks.


Message History

You puncture the frilled lizard!
You kill the frilled lizard!
Natasha zaps a wand.
The puff of flame hits you.
There is a stone staircase leading up here.
Terence barely misses you.
You climb upwards.
There is a stone staircase leading down here.
You hit Terence.
You tail-slap Terence, but do no damage.
Terence is moderately wounded.
Terence misses you. Terence hits you but does no damage.
You hit Terence but do no damage.
Terence is moderately wounded.
Terence hits you with a +0 mace.
You are too injured to fight recklessly!
You are too injured to fight recklessly!
You closely miss Terence.
Terence is moderately wounded.
Terence hits you but does no damage.
You hit Terence but do no damage.
Terence is moderately wounded.
Terence hits you with a +0 mace.
You barely miss Terence.
Terence is moderately wounded.
Terence hits you with a +0 mace.
* * * LOW HITPOINT WARNING * * *
You hit Terence but do no damage.
Terence is moderately wounded.
Terence misses you.
You barely miss Terence.
Terence is moderately wounded.
Terence hits you with a +0 mace.
* * * LOW HITPOINT WARNING * * *
Unknown command.
You block Terence's attack. Terence looks scornfully at you.
You hit Terence but do no damage.
Terence is lightly wounded.
Terence hits you with a +0 mace!
You die...

#..#.# #.# #.# #####.#♣.♣ #.#
###.# ##.....##.# #.# ##...#
......##♣.♣ ##.####.PP.##
......###.# ##....#..PPP.#
#.......♣.♣## ##).......♣♣..#
##..........# #....♣P†♣.♣...#
##..######..######...P♣P.......#
###.# #..>..@@...P.♣♣.....P##
....# ##.#######...PP..######
.#### ##...## #....PPP# ##
##.....## #..#..### #
##.......## #..##.#########
#.........###.(.....†.....## ##
##............###########..#
.#######........)#.## #...
.......#.......#....## ♣.♣.


You could see Terence.

Vanquished Creatures
  A dart slug (D:1)
  3 bats (D:1)
  An endoplasm (D:1)
  A giant cockroach (D:1)
  2 goblins (D:1)
  A hobgoblin (D:1)
  3 jackals (D:1)
  4 kobolds (D:1)
  A quokka (D:1)
  4 ball pythons (D:1)
  A frilled lizard (D:2)
  2 rats (D:1)
24 creatures vanquished.

Vanquished Creatures (others)
  2 plants (D:1)
2 creatures vanquished.

Grand Total: 26 creatures vanquished

Notes
Turn   | Place    | Note
-------+----------+-------------------------------------------
     0 | D:1      | DocClef the Draconian Fighter began the quest for the Orb.
     0 | D:1      | Reached XP level 1. HP: 19/19 MP: 1/1
   268 | D:1      | Reached XP level 2. HP: 23/27 MP: 2/2
   369 | D:1      | Reached skill level 4 in Fighting
   523 | D:1      | Found Xirumpo's Antique Armour Emporium.
   919 | D:1      | Reached XP level 3. HP: 34/34 MP: 3/3
  1045 | D:2      | Noticed Terence
  1045 | D:2      | Noticed Natasha
  1064 | D:1      | Slain by Terence

Illustrated notes

Levels and vault maps discovered:
D:1:      dpeg_arrival_leaves_temple_mockup, layout_loops_ring, serial_shops,
          shop, serial_forest, infiniplex_forest_clump_double,
          infiniplex_forest_lined_room_3, infiniplex_forest_lined_1,
          infiniplex_forest_straight_5, infiniplex_forest_lined_3,
          infiniplex_forest_straight_1
D:2:      layout_rooms, kennysheep_generic_room_7, uniq_terence, uniq_natasha

Skill      XL: |  1  2 |
---------------+-------+-----
Fighting       | 4 |  4.6
Maces & Flails | |  2.0
Dodging        | |  2.6
Shields        | |  3.0

Action                   || total
-------------------------++-------
Melee: Short sword       ||    64
       Flail             ||     8
       Tailslap          ||     3
 Stab: Sleeping          ||     2
Armor: Skin              ||    26
Dodge: Dodged            ||    45
Block: Buckler           ||    19
